 Dungeon Crawl Stone Soup version 0.18-a0-1626-g65af6d3 (webtiles) character file.

11102 namelastname112 the Slicer (level 11, -2/94 HPs)
             Began as a Grey Draconian Berserker on Mar 24, 2016.
             Was a Follower of Dithmenos.
             Slain by a polar bear (5 damage)
             ... created by the rage of Trog
             ... on level 11 of the Dungeon.
             The game lasted 00:17:25 (10960 turns).

namelastname112 the Slicer (DrBe)                  Turns: 10960, Time: 00:17:26

Health: -2/94      AC: 16    Str: 18 (19) XL:     11   Next: 44%
Magic:  5/5        EV: 15    Int:  8      God:    Dithmenos [*.....]
Gold:   757        SH:  5    Dex: 14      Spells: 0 memorised, 10 levels left

rFire  + . .     SeeInvis +     r - +8 quick blade (antimagic)
rCold  . . .     Gourm    .     (armour unavailable)
rNeg   . . .     Faith    .     f - +0 buckler
rPois  .         Spirit   .     j - +0 hat
rElec  .         Dismiss  .     i - +0 cloak
rCorr  .         Reflect  .     E - +1 pair of gloves
SustAt .         Harm     .     v - +0 pair of boots
MR     .....                    g - amulet of rage
Stlth  ++++......               A - ring of protection from fire
                                e - ring of see invisible

@: about to teleport, wreathed by umbra, not resistant to hostile enchantments,
stealthy
A: walk through water, unfitting armour, unbreathing, cold-blooded, AC +12
a: Renounce Religion, Evoke Berserk Rage


You were on level 11 of the Dungeon.
You worshipped Dithmenos.
Dithmenos was aware of your devotion.
You were hungry.

You visited 1 branch of the dungeon, and saw 11 of its levels.
You also visited: Sewer, Ossuary and Bailey.

You collected 757 gold pieces.

Inventory:

Hand Weapons
 l - a +1 dagger of electrocution
 r - a +8 antimagic quick blade (weapon)
Missiles
 y - 6 curare-tipped needles
 H - a throwing net (quivered)
Armour
 f - a +0 buckler (worn)
 i - a +0 cloak (worn)
 j - a +0 hat (worn)
 v - a +0 pair of boots (worn)
 E - a +1 pair of gloves (worn)
Jewellery
 e - a ring of see invisible (left hand)
 g - an amulet of rage (around neck)
 t - an uncursed ring of ice
 A - a ring of protection from fire (right hand)
 K - an uncursed ring of wizardry
Wands
 q - a wand of paralysis (17/24)
Scrolls
 a - 2 scrolls of teleportation
 d - 5 scrolls of recharging
 n - a scroll of enchant armour
 p - 3 scrolls of amnesia
 B - 3 scrolls of remove curse
 I - a scroll of identify
Potions
 c - a potion of brilliance {unknown}
 k - 6 potions of lignification
 m - 4 potions of berserk rage
 s - a potion of cure mutation
 u - 6 potions of curing
 w - 4 potions of agility
 x - 5 potions of flight
 z - a potion of resistance
 C - a potion of haste
Miscellaneous
 h - a phial of floods
Comestibles
 b - 11 bread rations
 o - 5 fruits
 D - 4 beef jerkies
 F - a slice of pizza


   Skills:
 + Level 7.9 Fighting
 * Level 10.0 Short Blades
 + Level 1.5 Throwing
 + Level 6.4 Dodging
 * Level 9.6 Stealth
 - Level 5.5 Shields
 - Level 5.6 Evocations


You had 10 spell levels left.
You didn't know any spells.

Dungeon Overview and Level Annotations

Branches:
Dungeon (11/15)            Temple (0/1) D:7            Lair (0/8) D:8
    Orc: D:9-12

Altars:
Ashenzari
Dithmenos
Elyvilon
Fedhas
Nemelex Xobeh
Pakellas
Qazlal
Ru
Sif Muna
Trog
Xom
Yredelemnul
Zin
The Shining One


Innate Abilities, Weirdness & Mutations

You can walk through water.
Your dull iron-grey scales are very hard (AC +12).
Your body does not fit into most forms of armour.
You can survive without breathing.
You are cold-blooded and may be slowed by cold attacks.


Message History

The polar bear claws you but does no damage.
The polar bear closely misses you. The polar bear bites you.
* * * LOW HITPOINT WARNING * * *
The polar bear claws you but does no damage.
The polar bear closely misses you. The orc closely misses you.
The giant gecko misses you.
Drink which item? (? for menu, Esc to quit)
Okay, then.
Read which item? (? for menu, Esc to quit)
As you read the scroll of teleportation, it crumbles to dust.
You feel strangely unstable. The black bear bites you.
* * * LOW HITPOINT WARNING * * *
The black bear misses you.
The black bear claws you but does no damage.
The polar bear misses you.
The polar bear claws you but does no damage.
The polar bear claws you.
* * * LOW HITPOINT WARNING * * *
The polar bear bites you.
You die...

.. ###..+
..####+#...S.##
..............
............#
............#
.......ho...#
#..hhlo..#
#.hh@o...#
#..hhh...#
#.(.<....#
##########


You could see 5 polar bears, 3 black bears, an adder, 3 orcs and a giant gecko.

Vanquished Creatures
  Gastronok (D:8)
  An unseen horror (D:10)
  The ghost of Uberwunderbarhen the Changer, a novice OpTm of Makhleb (D:7)
  An orc knight (Bailey)
  A manticore (D:8)
  A polar bear (D:10)
  2 trolls
  12 yaks
  Eustachio (D:4)
  A hippogriff (D:8)
  3 hungry ghosts
  3 ice beasts
  6 orc warriors
  2 sky beasts
  3 black bears
  3 phantoms
  An eye of draining (D:10)
  8 ogres
  3 wolves (D:8)
  2 centaurs
  A crocodile (D:7)
  2 giant frogs
  An elf zombie (Ossuary)
  A scorpion (D:10)
  4 howler monkeys (D:8)
  3 electric eels (D:8)
  4 crimson imps
  A human zombie (Ossuary)
  2 centaur zombies
  3 orc priests
  2 gnoll shamans
  8 hounds
  6 orc wizards
  4 iguanas
  A siren (Sewer)
  9 worker ants
  A merfolk avatar (Sewer)
  A big kobold zombie (Ossuary)
  A hound zombie (Ossuary)
  A hound skeleton (D:3)
  3 mummies (Ossuary)
  A worker ant zombie (D:10)
  9 gnolls
  A howler monkey skeleton (D:4)
  13 adders
  4 river rats
  5 shadow imps
  2 oozes
  3 adder zombies
  An adder skeleton (D:4)
  3 worms
  A dart slug (D:3)
  6 giant geckos
  40 orcs
  11 ball pythons
  6 bats
  8 giant cockroaches
  3 gnoll zombies (Ossuary)
  13 hobgoblins
  4 jackals (D:8)
  5 quokkas
  4 giant newts
  11 goblins
  3 goblin zombies (Ossuary)
  2 hobgoblin zombies (Ossuary)
  A jackal skeleton (D:6)
  8 jackal zombies
  7 kobolds
  5 kobold zombies (Ossuary)
  3 orc zombies (Ossuary)
  3 quokka zombies (Ossuary)
  29 rats
  A rat zombie (Ossuary)
331 creatures vanquished.

Notes
Turn   | Place    | Note
--------------------------------------------------------------
     0 | D:1      | namelastname112 the Draconian Berserker began the quest for the Orb.
     0 | D:1      | Reached XP level 1. HP: 19/19 MP: 1/1
    63 | D:1      | Reached skill level 1 in Stealth
    73 | D:1      | Reached XP level 2. HP: 23/26 MP: 2/2
   843 | D:2      | Reached ** piety under Trog
   843 | D:2      | Reached XP level 3. HP: 23/31 MP: 1/3
  1107 | D:2      | HP: 1/31 [poisoned by an adder]
  1668 | D:2      | Reached skill level 1 in Shields
  1962 | D:2      | Reached XP level 4. HP: 38/38 MP: 4/4
  2045 | D:3      | Noticed a giant frog
  2048 | D:3      | Killed a giant frog
  2048 | D:3      | Reached skill level 4 in Short Blades
  2048 | D:3      | Reached XP level 5. HP: 36/46 MP: 5/5
  2343 | D:3      | Reached *** piety under Trog
  2542 | D:4      | Found a glowing drain.
  2542 | D:4      | Noticed Eustachio
  2551 | D:4      | Killed Eustachio
  2551 | D:4      | Reached skill level 1 in Evocations
  2551 | D:4      | Reached XP level 6. HP: 48/52 MP: 6/6
  2565 | Sewer    | Entered a sewer
  2787 | Sewer    | Reached **** piety under Trog
  2866 | D:4      | Reached skill level 5 in Short Blades
  2866 | D:4      | Your scales start taking on a dull iron-grey colour.
  2866 | D:4      | Reached XP level 7. HP: 54/59 MP: 8/8
  2866 | D:4      | Gained mutation: You can survive without breathing. [Grey Draconian growth]
  2999 | D:4      | Found a sand-covered staircase.
  3005 | Ossuary  | Entered an ossuary
  3324 | Ossuary  | Reached XP level 8. HP: 64/67 MP: 9/9
  3602 | D:4      | Found a glowing silver altar of Zin.
  3752 | D:4      | Reached skill level 6 in Short Blades
  3752 | D:4      | Reached skill level 5 in Stealth
  3808 | D:4      | Found a blossoming altar of Fedhas.
  4153 | D:5      | Entered Level 5 of the Dungeon
  4287 | D:5      | Reached skill level 5 in Fighting
  4446 | D:5      | Found a deep blue altar of Sif Muna.
  4843 | D:6      | Found a shattered altar of Ashenzari.
  5008 | D:6      | Found a basalt altar of Yredelemnul.
  5032 | D:6      | Found a sparkling altar of Nemelex Xobeh.
  5035 | D:6      | Found an oddly glowing altar of Pakellas.
  5167 | D:7      | Noticed Uberwunderbarhen's ghost (novice OpTm)
  5273 | D:7      | Found a flagged portal.
  5282 | Bailey   | Entered a bailey
  5361 | Bailey   | Noticed an orc knight
  5366 | Bailey   | Reached XP level 9. HP: 74/74 MP: 11/11
  5371 | Bailey   | Reached ***** piety under Trog
  5421 | Bailey   | Noticed an orc knight
  5482 | Bailey   | Killed an orc knight
  5482 | Bailey   | Reached skill level 7 in Short Blades
  6094 | D:7      | Killed Uberwunderbarhen's ghost
  6271 | D:7      | Found a shadowy altar of Dithmenos.
  6386 | D:7      | Found a staircase to the Ecumenical Temple.
  6437 | D:7      | Found a glowing golden altar of the Shining One.
  6657 | D:8      | Reached skill level 5 in Dodging
  6661 | D:8      | Reached skill level 8 in Short Blades
  6664 | D:8      | Found a stormy altar of Qazlal.
  6800 | D:8      | Reached XP level 10. HP: 27/83 MP: 13/13
  7256 | D:8      | Noticed Gastronok
  7304 | D:8      | Killed Gastronok
  7304 | D:8      | Reached skill level 5 in Shields
  7304 | D:8      | Reached skill level 5 in Evocations
  7720 | D:8      | Found a staircase to the Lair.
  7913 | D:8      | Found a shimmering altar of Xom.
  7914 | D:8      | Found a sacrificial altar of Ru.
  7931 | D:8      | Noticed a manticore
  7942 | D:8      | Killed a manticore
  8063 | D:8      | Found a white marble altar of Elyvilon.
  8063 | D:8      | Found a bloodstained altar of Trog.
  8231 | D:8      | Identified a scroll of acquirement
  8232 | D:8      | Got a slimy lajatang
  8238 | D:8      | Identified the +5 lajatang "Feaza" {flame, rN+ MR+ Dex+2} (You acquired it on level 8 of the Dungeon)
  8281 | D:9      | Reached skill level 9 in Short Blades
  8810 | D:9      | Reached XP level 11. HP: 92/92 MP: 15/15
  9175 | D:10     | Entered Level 10 of the Dungeon
  9194 | D:10     | Received a gift from Trog
  9469 | D:7      | Fell from the grace of Trog
  9469 | D:7      | Became a worshipper of Dithmenos the Shadowed
  9873 | D:10     | Noticed an unseen horror
  9885 | D:10     | Killed an unseen horror
 10080 | D:10     | Found a bloodstained altar of Trog.
 10119 | D:10     | Reached skill level 1 in Throwing
 10905 | D:10     | Reached * piety under Dithmenos
 10950 | D:11     | Reached skill level 10 in Short Blades
 10958 | D:11     | HP: 4/94 [polar bear[the rage of Trog] (16)]
 10960 | D:11     | Slain by a polar bear

Vault maps used:
D:1:      saegor_arrival_simple_e, st_stairs_5, corexii_item_surrounded_by_moat,
          minmay_close_crescents
D:2:      first_bread
D:3:      minmay_misc_feat_pillars
D:4:      lemuel_crystal_altar, serial_park, serial_park_paths,
          serial_park_tiny_2, serial_park_square1, portal_sewer_entry_a,
          nicolae_ossuary_entry_ruins, fedhas_altar_fruit_tree, uniq_eustachio
D:5:      nicolae_overflow_hidden_temple
D:6:      nicolae_ashenzari_panopticon, minitemple
D:7:      nicolae_tso_swordbearing_angel, nicolae_dithmenos_shadow_blocks,
          minmay_temple_entry_poolview, enter_bailey_2
D:8:      hangedman_cross_stitches, gammafunk_temple_overflow_pools,
          overflow_temple_1_default, gammafunk_temple_overflow_elements,
          erik_lair_island, grunt_ogre_cave, uniq_gastronok
D:10:     minmay_misc_feat_columns, minivault_1, trog_book
D:11:     orc_0_dummy
Sewer:    sewer_sea
Ossuary:  minmay_ossuary_two_tombs
Bailey:   bailey_polearm_1, bailey

Skill      XL: |  1  2  3  4  5  6  7  8  9 10 11 |
---------------+----------------------------------+-----
Stealth        | 1 2 3 4 6 7 9 |  9.6
Shields        | 1 2 3 4 5 |  5.5
Short Blades   | 4 5 6 8 9 10 | 10.0
Dodging        | 3 4 5 6 |  6.4
Fighting       | 4 5 6 7 |  7.9
Evocations     | 1 2 3 4 5 |  5.6
Throwing       | 1 |  1.5

Action                   |  1- 3 |  4- 6 |  7- 9 | 10-12 || total
-------------------------+-------+-------+-------+-------++-------
Melee: Short sword       |   114 |       |       |       ||   114
       Dagger            |    28 |   199 |   603 |   245 ||  1075
       Quick blade       |       |       |       |   298 ||   298
Invok: Berserk           |     1 |     1 |     7 |     4 ||    13
       Trog's Hand       |       |     2 |     1 |     1 ||     4
Evoke: Wand              |       |       |     2 |     1 ||     3
       Phial of floods   |       |       |     1 |       ||     1
  Use: Potion            |       |     1 |     1 |     1 ||     3
       Scroll            |       |       |     6 |    16 ||    22
 Stab: Sleeping          |     3 |     5 |    15 |     6 ||    29
       Distracted        |       |       |     2 |     1 ||     3
       Paralysed         |       |       |       |     1 ||     1
  Eat: Chunk             |     1 |     1 |     3 |    15 ||    20
       Meat ration       |     1 |       |     4 |       ||     5
       Fruit             |       |       |     4 |       ||     4
       Beef jerky        |       |       |     2 |     3 ||     5
